 Dungeon Crawl Stone Soup version 0.30-a0-373-gd37427bb62 (webtiles) character file.

Game seed: 5870692143570346970

4487 qeuew the Pandemonic (level 10, -5/77 HPs)
             Began as a Demonspawn Monk on Nov 24, 2022.
             Was a High Priest of Makhleb.
             Slain by a shadow (28 damage)
             ... on level 9 of the Dungeon on Nov 25, 2022.
             The game lasted 00:09:52 (7591 turns).

qeuew the Pandemonic (Demonspawn Monk)              Turns: 7591, Time: 00:09:52

Health: -5/77      AC: 15    Str: 13    XL:     10   Next: 16%
Magic:  17/17      EV: 14    Int: 12    God:    Makhleb [*****.]
Gold:   411        SH:  0    Dex: 16    Spells: 9/9 levels left

rFire   . . .      SeeInvis .    a - +1 hand axe (protect)
rCold   . . .      Faith    .    (no shield)
rNeg    . . .      Spirit   .    n - +1 leather armour
rPois   +          Reflect  .    (no helmet)
rElec   +          Harm     .    (no cloak)
rCorr   .          Rampage  .    (no gloves)
Will    +....                    (no boots)
Stlth   ++........               (no amulet)
HPRegen 0.32/turn                d - +4 ring of slaying
MPRegen 0.15/turn                s - ring of willpower

@: under a protective aura
A: slimy green scales 3, foul stench 2, demonic magic 1, hooves 1, electricity
resistance, weak 1
a: Renounce Religion, Minor Destruction, Lesser Servant of Makhleb, Major
Destruction, Greater Servant of Makhleb


You were on level 9 of the Dungeon.
You worshipped Makhleb.
Makhleb was extremely pleased with you.
You visited 1 branch of the dungeon, and saw 9 of its levels.

You collected 411 gold pieces.

Inventory:

Hand Weapons
 a - a +1 hand axe of protection (weapon)
Missiles
 p - 2 throwing nets
Armour
 n - a +1 leather armour (worn)
Jewellery
 d - a +4 ring of slaying (left hand)
 s - a ring of willpower (right hand)
Wands
 b - a wand of quicksilver (12)
 j - a wand of flame (25)
 r - a wand of polymorph (7)
 w - a wand of paralysis (7)
Scrolls
 e - 5 scrolls of teleportation
 g - a scroll of fog
 l - 2 scrolls of identify
 m - a scroll of enchant armour
 o - a scroll of magic mapping
 u - a scroll of enchant weapon
 v - a scroll of silence {unknown}
 x - a scroll of vulnerability {unknown}
Potions
 c - 3 potions of ambrosia
 f - 4 potions of curing
 h - 3 potions of haste
 i - a potion of brilliance
 k - a potion of cancellation
 q - 2 potions of might
 t - a potion of mutation


   Skills:
 + Level 6.5 Fighting
 + Level 6.0 Axes
 + Level 5.2 Armour
 + Level 6.0 Dodging
 - Level 1.7 Stealth
 * Level 10.3 Invocations
 + Level 4.1 Evocations


You had 9 spell levels left.
You didn't know any spells.
Your spell library contained the following spells:

 Spells                   Type           Power      Damage    Failure   Level
 Slow                     Hex            0%         N/A       38%         1
 Confusing Touch          Hex            0%         N/A       77%         3
 Portal Projectile        Hex/Tloc       0%         N/A       77%         3
 Tukima's Dance           Hex            0%         N/A       77%         3
 Vampiric Draining        Necr           0%         2d6       77%         3
 Blade Hands              Tmut           0%         N/A       100%        5


Dungeon Overview and Level Annotations

Branches:
Dungeon (9/15)             Temple (0/1) D:7            Lair (0/5) D:8
    Orc: D:9-12

Altars:
Ashenzari
Cheibriados
Makhleb
Okawaru

Shops:
D:5 [


Innate Abilities, Weirdness & Mutations

You are completely covered in slimy green scales. (AC +4, rPois)
You sometimes emit foul miasma when damaged in melee.
Spells you cast may paralyse adjacent enemies.
You have large cloven feet.
You are resistant to electric shocks. (rElec)
You are weak. (Str -2)


Message History

You closely miss something. Your kick misses something.
The shadow strikes at you from the darkness!
Reactivating autopickup.
You hit the shadow.
The shadow is severely damaged.
The shadow hits you.
You hit the shadow. Your kick misses the shadow.
The shadow is severely damaged.
The shadow hits you.
You emit a cloud of foul miasma!
You closely miss the shadow. You kick the shadow, but do no damage.
The shadow is severely damaged.
The shadow hits you.
Unknown command.
You hit the shadow but do no damage. You kick the shadow, but do no damage.
The shadow is severely damaged.
The shadow slips into darkness.
The shadow flickers and vanishes!
Deactivating autopickup; reactivate with Ctrl-A.
You hit something but do no damage. You kick something.
The shadow strikes at you from the darkness!
* * * LOW HITPOINT WARNING * * *
Reactivating autopickup.
You hear two shouts!
You hear an angry hiss.
You hear an angry buzzing noise.
You are too injured to fight recklessly!
You are too injured to fight recklessly!
You are too injured to fight recklessly!
You are too injured to fight recklessly!
You are too injured to fight recklessly!
You are too injured to fight recklessly!
You are too injured to fight recklessly!
Unknown command.
You barely miss the shadow. You kick the shadow, but do no damage.
The shadow is severely damaged.
You hear a shout!
The shadow slips into darkness.
The shadow flickers and vanishes!
Deactivating autopickup; reactivate with Ctrl-A.
Unknown command.
The shadow strikes at you from the darkness!
You die...

##. #.. #.# #
####### ..#
#.+...†.. #.#
#....#.## #Y##
####.).# ##y.#
##..## ##{#'#
#...# #@##.Yy
### ##.#.# #.#
co.c#.###..#.#
#.#
[.:y#........#
#.#
)...#.#....###
#.##...##...####
##.#####...##
##.......##
###....## ######


You could see a yak and a killer bee.

Vanquished Creatures
  Maurice (D:8)
  A hornet (D:9)
  Prince Ribbit (D:7)
  Sigmund (D:5)
  A wyvern (D:9)
  Eustachio (D:5)
  2 water moccasins
  3 ice beasts
  2 sky beasts (D:7)
  3 orc warriors
  4 black bears
  2 ogres
  2 centaurs
  Blork the orc (D:5)
  A phantom (D:4)
  4 bullfrogs
  A kobold brigand (D:6)
  A gnoll sergeant (D:9)
  3 scorpions
  A necrophage (D:5)
  3 howler monkeys
  A quasit (D:8)
  A gnoll bouda (D:8)
  5 hounds
  6 orc priests
  An iguana (D:5)
  7 orc wizards
  8 gnolls
  4 adders
  A shadow imp (D:8)
  5 white imps
  An ufetubus (D:8)
  2 worms (D:3)
  A dart slug (D:3)
  19 orcs
  9 bats
  4 endoplasms
  2 giant cockroaches (D:2)
  9 goblins
  4 hobgoblins
  7 jackals
  7 quokkas
  8 ball pythons
  5 frilled lizards
  9 kobolds
  7 rats
172 creatures vanquished.

Vanquished Creatures (others)
  5 demonic plants (D:8)
5 creatures vanquished.

Grand Total: 177 creatures vanquished

Notes
Turn   | Place    | Note
-------+----------+-------------------------------------------
     0 | D:1      | qeuew the Demonspawn Monk began the quest for the Orb.
     0 | D:1      | Reached XP level 1. HP: 18/18 MP: 1/1
   369 | D:1      | Gained mutation: You are partially covered in slimy green
                  | scales. (AC +2) [demonic ancestry]
   369 | D:1      | Reached XP level 2. HP: 24/24 MP: 2/2
  1042 | D:2      | Reached skill level 1 in Armour
  1083 | D:2      | Reached XP level 3. HP: 28/29 MP: 3/3
  1236 | D:2      | Found a faded altar of an unknown god.
  1299 | D:2      | Prayed at the altar of an unknown god.
  1299 | D:2      | Became a worshipper of Makhleb the Destroyer
  1299 | D:2      | Reached * piety under Makhleb
  1299 | D:2      | Reached ** piety under Makhleb
  1669 | D:2      | Found a broken altar of Ashenzari.
  1930 | D:3      | Found an iron altar of Okawaru.
  2018 | D:3      | Reached *** piety under Makhleb
  2048 | D:3      | Reached skill level 1 in Invocations
  2169 | D:3      | Found a snail-covered altar of Cheibriados.
  2227 | D:3      | You fall into a shaft and drop 1 floor!
  2329 | D:3      | Reached XP level 4. HP: 34/35 MP: 5/5
  2799 | D:4      | Reached skill level 2 in Invocations
  2930 | D:4      | Noticed a phantom
  2939 | D:4      | Killed a phantom
  2940 | D:4      | Gained mutation: You may rarely emit foul miasma when
                  | damaged in melee. [demonic ancestry]
  2940 | D:4      | Reached XP level 5. HP: 38/42 MP: 5/7
  3080 | D:4      | Reached skill level 3 in Invocations
  3165 | D:4      | Gained mutation: You are resistant to electric shocks.
                  | (rElec) [potion of mutation]
  3165 | D:4      | Gained mutation: You are weak. (Str -2) [potion of
                  | mutation]
  3165 | D:4      | Gained mutation: You have large cloven feet. [potion of
                  | mutation]
  3171 | D:5      | Entered Level 5 of the Dungeon
  3195 | D:5      | Gained mutation: You are mostly covered in slimy green
                  | scales. (AC +3) [demonic ancestry]
  3195 | D:5      | Reached XP level 6. HP: 35/48 MP: 8/8
  3305 | D:5      | Reached skill level 4 in Invocations
  3538 | D:5      | Noticed Sigmund
  3555 | D:5      | Killed Sigmund
  3556 | D:5      | Reached skill level 5 in Invocations
  3556 | D:5      | Gained mutation: You sometimes emit foul miasma when
                  | damaged in melee. [demonic ancestry]
  3556 | D:5      | Reached XP level 7. HP: 20/55 MP: 10/10
  3704 | D:5      | Noticed Eustachio
  3709 | D:5      | Killed Eustachio
  3836 | D:5      | Found Wavo's Armour Boutique.
  3983 | D:5      | Noticed Blork the orc
  3990 | D:5      | Killed Blork the orc
  3991 | D:5      | Reached skill level 6 in Invocations
  4355 | D:6      | Reached XP level 8. HP: 60/61 MP: 12/12
  4361 | D:6      | Reached **** piety under Makhleb
  4362 | D:6      | Reached skill level 5 in Fighting
  4362 | D:6      | Reached skill level 1 in Evocations
  4458 | D:6      | Reached skill level 7 in Invocations
  4930 | D:7      | Found a staircase to the Ecumenical Temple.
  4962 | D:7      | Reached skill level 8 in Invocations
  5018 | D:7      | Noticed Prince Ribbit
  5027 | D:7      | Killed Prince Ribbit
  5028 | D:7      | Reached skill level 5 in Axes
  5028 | D:7      | Reached skill level 5 in Dodging
  5028 | D:7      | Gained mutation: You are completely covered in slimy green
                  | scales. (AC +4, rPois) [demonic ancestry]
  5028 | D:7      | Reached XP level 9. HP: 64/68 MP: 15/15
  5630 | D:8      | Noticed Maurice
  5648 | D:7      | Reached skill level 9 in Invocations
  5774 | D:8      | Killed Maurice
  6201 | D:8      | Found a staircase to the Lair.
  6403 | D:8      | Reached skill level 5 in Armour
  6703 | D:9      | Paralysed by a hornet for 3 turns
  6708 | D:9      | Reached skill level 10 in Invocations
  6708 | D:9      | Gained mutation: Spells you cast may paralyse adjacent
                  | enemies. [demonic ancestry]
  6708 | D:9      | Reached XP level 10. HP: 37/77 MP: 17/17
  6865 | D:9      | Found the +8 longbow "Zephyr" {speed, Dex+3 SInv}
  6909 | D:9      | Reached ***** piety under Makhleb
  7591 | D:9      | Slain by a shadow

Illustrated notes

Levels and vault maps discovered:
D:1:      matt_arrival_refuge, layout_basic, minmay_cupped
D:2:      cheibrodos_helix_gallery, layout_basic, basic_altar,
          hellmonk_ecumenical_altar_inner_sanctum
D:3:      layout_loops_ring, mainiacjoe_overflow_tiny_flanked,
          okawaru_metal_pillars_1_2
D:4:      layout_rooms
D:5:      layout_loops_ring, serial_shops, nicolae_shop_hallway_stairs,
          uniq_blork_the_orc, uniq_eustachio, uniq_sigmund
D:6:      layout_gridville, corexii_leaking_fountain
D:7:      layout_gridville, elyvilon_altar_3, minmay_temple_entry_junction,
          fountainhead, uniq_prince_ribbit1
D:8:      layout_loops_ring, lair_entry_dummy, serial_demonic, serial_demonic_c,
          serial_demonic_g, serial_demonic_c, serial_demonic_g, uniq_maurice
D:9:      layout_basic, grunt_ministairs_8, minmay_joined_circles, uniq_maggie

Skill      XL: |  1  2  3  4  5  6  7  8  9 10 |
---------------+-------------------------------+-----
Axes           | 3 4 5 6 |  6.0
Dodging        | 3 4 5 6 |  6.0
Armour         | 1 2 3 4 5 |  5.2
Invocations    | 1 2 3 5 6 8 10 | 10.3
Fighting       | 4 5 6 |  6.5
Evocations     | 2 3 4 |  4.1
Stealth        | |  1.7

Action                   |  1- 3 |  4- 6 |  7- 9 | 10-12 || total
-------------------------+-------+-------+-------+-------++-------
Melee: Hand axe          |   128 |    42 |   145 |    36 ||   351
       Punch             |     1 |     1 |     1 |     1 ||     4
       Kick              |       |     6 |    57 |    13 ||    76
Invok: Minor Destruction |    17 |    50 |    83 |    26 ||   176
       Major Destruction |       |       |     5 |       ||     5
  Use: Scroll            |     7 |     8 |     4 |       ||    19
       Potion            |     2 |     1 |     1 |       ||     4
 Stab: Sleeping          |     5 |       |       |       ||     5
       Distracted        |       |       |     1 |       ||     1
Armor: Robe              |    41 |    26 |     7 |       ||    74
       Leather armour    |       |       |    74 |    26 ||   100
Dodge: Dodged            |    82 |    45 |   120 |    30 ||   277

Table legend: (Time is in decaauts)
 A = Elapsed time spent in this place.
 B = Non-inter-level travel time spent in this place.
 C = Inter-level travel time spent in this place.
 D = Time resting spent in this place.
 E = Time spent auto-exploring this place.
 F = Levels seen in this place.
 G = Mean time per level.
                   A        B        C        D        E       F      G
               +--------+--------+--------+--------+--------+-----+--------+
         Total |   7636 |   7257 |    379 |      0 |   6095 |   9 |  848.4 |
       Dungeon |   7636 |   7257 |    379 |      0 |   6095 |   9 |  848.4 |
               +--------+--------+--------+--------+--------+-----+--------+

Top non-repeatable levels by time:
     D:5: 1113 daAuts
     D:2: 1021 daAuts
     D:8: 968 daAuts
     D:9: 955 daAuts
     D:1: 913 daAuts
     D:7: 769 daAuts
     D:3: 682 daAuts
     D:6: 633 daAuts
     D:4: 578 daAuts
